Map: Mech-Depot LE

Players

xStone

  • Race: Protoss Protoss
  • League: Diamond
  • Spawn Location: 7:00

Panda - Winner!

  • Race: Zerg Zerg
  • League: Diamond
  • Spawn Location: 1:00

VOD

Have the link to the VOD?

Description

Time

  • Played on: Sept. 8, 2017, 2:41 p.m.
  • Length: 4:07
Show
View Real Time Build Order
Export as new Build Order

xStone Protoss 

Build Orders:  

Get SALT Encoding   

  12  0:01  Probe (Chrono Boost)  
  13  0:11  Probe (Chrono Boost)  
  14  0:19  Pylon  
  14  0:23  Probe (Chrono Boost)  
  15  0:37  Probe (Chrono Boost)  
  15  0:39  Gateway  
  16  0:48  Probe (Chrono Boost)  
  17  0:50  Assimilator  
  17  0:58  Probe (Chrono Boost)  
  18  1:09  Probe (Chrono Boost)  
  18  1:10  Assimilator  
  19  1:19  Probe (Chrono Boost)  
  20  1:28  Cybernetics Core  
  20  1:35  Probe (Chrono Boost)  
  21  1:41  Pylon  
  21  1:46  Probe (Chrono Boost)  
  22  1:59  Zealot (Chrono Boost)  
  24  2:06  Pylon  
  24  2:08  Mothership Core  
  25  2:21  Pylon  
  25  2:29  Pylon  
  23  2:42  Pylon  
  19  2:57  Adept (Chrono Boost)  
  21  3:03  Gateway  
  9  3:42  Gateway  
Show
View Real Time Build Order
Export as new Build Order

Panda Zerg - Winner!

Build Orders: Pool Only 

Get SALT Encoding   

  12  0:01  Drone  
  13  0:15  Extractor  
  12  0:24  Spawning Pool  
  11  0:29  Drone  
  11  0:33  Drone  
  13  0:44  Overlord  
  13  0:57  Drone  
  14  1:11  Zergling x4  
  14  1:12  Zergling x2  
  17  1:20  Metabolic Boost  
  17  1:34  Zergling x4  
  19  1:45  Zergling x2  
  20  1:49  Queen  
  21  1:57  Overlord  
  21  2:10  Zergling x2  
  22  2:18  Zergling x2  
  22  2:41  Zergling x4  
  22  3:06  Overlord x2  
  21  3:31  Zergling x2  
  21  3:32  Zergling x4  
  22  3:43  Zergling x2  
Tags
 
Matchup
PvZ
Opening
Pool Only
Replay Pack
replays1
Spawn Locations
Cross Positions
Add a new tag
Caveats
  • Supply blocks, unpowered buildings, or Contaminate may cause inaccurate times.
  • Supply counts are checked every 10 seconds.